AoeStats
← Red Calypso

MegaRandom

509771862Analyzed
4v4 RM · 4d ago on Sep 28, 2026· 32m 50s· 8 players
Game mode
Random Map
Map size
Large (8 player)
Population
200
Speed
Normal
Resources
Standard
Victory
Conquest
Starting age
Dark Age
Ending age
Imperial Age
RankedLock teamsTeams togetherTeam positionsShared explorationLock speedFull tech treeHidden civsTurbo modeCheats
Victory
Defeat
🇺🇸 Britons · United States
1408
+12
🇦🇷 Mongols · Argentina
1404
+12
🇨🇦 Khmer · Canada
1377
+14
🇦🇹 Saxons · Austria
1363
+14
🇲🇽 Gurjaras · Mexico
1507
-20
🇨🇴 Vietnamese · Colombia
1424
-16
🇲🇽 Varangians · Mexico
1198
-8
🇦🇷 Britons · Argentina
1172
-8
Ice2207
6:05 Loom
9:28 Feudal Age
10:24 Double-Bit Axe
13:48 Fletching
16:51 Padded Archer Armor
24:14 Castle Age
22:12 Gold Mining
22:21 Horse Collar
25:11 Wheelbarrow
24:22 Crossbowman
25:16 Bodkin Arrow
26:22 Ballistics
26:45 Leather Archer Armor
GOAT Gobz
8:59 Feudal Age
7:17 Loom
9:53 Double-Bit Axe
12:55 Scale Barding Armor
16:00 Horse Collar
18:14 Fishing Lines
19:26 Bloodlines
20:09 Forging
26:24 Castle Age
27:36 Wheelbarrow
26:51 Light Cavalry
27:56 Chain Barding Armor
28:11 Iron Casting
28:24 Gillnets
30:59 Husbandry
Red Calypso
9:48 Feudal Age
10:54 Loom
15:23 Fletching
25:26 Castle Age
23:52 Gold Mining
24:24 Padded Archer Armor
25:10 Double-Bit Axe
25:29 Crossbowman
26:18 Bodkin Arrow
27:36 Elite Skirmisher
28:24 Stone Mining
31:23 Thumb Ring
31:21 Scale Mail Armor
32:36 Wheelbarrow
32:24 Squires
Mat
3:29 Loom
11:43 Feudal Age
15:15 Double-Bit Axe
16:33 Scale Barding Armor
16:44 Bloodlines
21:14 Wheelbarrow
22:13 Forging
25:23 Castle Age
26:08 Husbandry
25:28 Light Cavalry
26:39 Chain Barding Armor
31:42 Hand Cart
32:24 Bow Saw
AM | Popeyin
11:59 Feudal Age
13:25 Loom
13:33 Horse Collar
13:40 Double-Bit Axe
14:18 Bloodlines
24:15 Castle Age
23:41 Scale Barding Armor
23:58 Forging
25:24 Wheelbarrow
25:17 Husbandry
25:23 Light Cavalry
26:25 Heavy Plow
30:32 Bow Saw
32:20 Iron Casting
31:47 Gold Mining
32:59 Chain Barding Armor
AM | AndresBC
7:05 Loom
10:04 Feudal Age
14:00 Fletching
21:44 Padded Archer Armor
26:53 Castle Age
25:37 Double-Bit Axe
26:54 Crossbowman
27:32 Bodkin Arrow
27:52 Leather Archer Armor
AM | DEMONIO_MX
6:31 Loom
8:50 Feudal Age
9:45 Double-Bit Axe
11:38 Horse Collar
15:19 Scale Barding Armor
17:47 Forging
23:19 Castle Age
21:45 Gold Mining
22:24 Bloodlines
24:35 Wheelbarrow
24:11 Bow Saw
24:02 Heavy Plow
24:40 Husbandry
25:03 Chain Barding Armor
27:20 Gold Shaft Mining
29:50 Iron Casting
31:52 Fletching
The Viejo
8:42 Feudal Age
11:21 Fletching
18:25 Padded Archer Armor
23:47 Castle Age
21:52 Double-Bit Axe
21:50 Horse Collar
23:42 Gold Mining
24:00 Crossbowman
24:36 Bodkin Arrow
29:20 Wheelbarrow
28:31 Loom
30:49 Wheelbarrow
32:21 Bow Saw
Connection lost

Rejoining the realm…

Still unreachable

The connection could not be restored.

Session expired

The server has moved on; the page needs a fresh start.